 Dungeon Crawl Stone Soup version 0.21.1-1-g345015fe64 (webtiles) character file.

60 Oravi the Vandal (level 4, -3/30 HPs)
             Began as a Halfling Hunter on Mar 23, 2018.
             Slain by asdpro's ghost (6 damage)
             ... on level 3 of the Dungeon.
             The game lasted 00:15:31 (2617 turns).

Oravi the Vandal (Halfling Hunter)                  Turns: 2617, Time: 00:15:31

Health: -3/30      AC:  9    Str: 14    XL:     4   Next: 25%
Magic:  4/4        EV: 12    Int:  9    God:
Gold:   99         SH:  0    Dex: 14    Spells: 3/3 levels left

rFire    . . .     SeeInvis .   b - +0 short sword
rCold    . . .     Gourm    .   (shield restricted)
rNeg     . . .     Faith    .   h - +0 scale mail
rPois    .         Spirit   .   (no helmet)
rElec    .         Reflect  .   (no cloak)
rCorr    .         Harm     .   (no gloves)
MR       .....                  k - +2 pair of boots
Stlth    ..........             (no amulet)
HPRegen  0.10/turn              s - ring of flight
MPRegen  0.09/turn              (no ring)

@: no status effects
A: small, mutation resistance 1
a: Evoke Flight


You were on level 3 of the Dungeon.
You were not hungry.

You visited 1 branch of the dungeon, and saw 3 of its levels.

You collected 99 gold pieces.

Inventory:

Hand Weapons
 a - a +1 hunting sling
 b - a +0 short sword (weapon)
Missiles
 d - 9 sling bullets
 n - a throwing net (quivered)
 o - 60 stones
Armour
 c - a +0 leather armour
 h - a +0 scale mail (worn)
 k - a +2 pair of boots (worn)
 x - a +0 ring mail
Jewellery
 s - a ring of flight (left hand)
Scrolls
 g - a scroll of teleportation
 j - a scroll of amnesia
 l - 3 scrolls of remove curse
Potions
 e - a potion of heal wounds
 p - a potion of curing
 u - a potion of mutation {unknown}
 v - a potion of agility {unknown}
 w - a potion of lignification {unknown}
Comestibles
 f - 3 rations
 i - 2 chunks of flesh


   Skills:
 + Level 2.6 Fighting
 * Level 2.2 Short Blades
 - Level 6.0 Slings
 + Level 1.7 Armour
 - Level 2.1 Dodging
 - Level 1.1 Stealth


You had 3 spell levels left.
You didn't know any spells.

Dungeon Overview and Level Annotations

Branches:
Dungeon (3/15)

Altars:
Nemelex Xobeh

Annotations:
D:3 asdpro's ghost, amateur MiFi


Innate Abilities, Weirdness & Mutations

You are small and have problems with some larger weapons.
You are somewhat resistant to further mutation.


Message History

b - a +0 short sword (weapon)
Asdpro's ghost hits you.
You are too injured to fight recklessly!
You are too injured to fight recklessly!
You are too injured to fight recklessly!
You are too injured to fight recklessly!
You hit asdpro's ghost.
Asdpro's ghost is heavily damaged.
Asdpro's ghost hits you.
You hit asdpro's ghost.
Asdpro's ghost is severely damaged.
Asdpro's ghost closely misses you.
You barely miss asdpro's ghost.
Asdpro's ghost is severely damaged.
Asdpro's ghost hits you!
* * * LOW HITPOINT WARNING * * *
You barely miss asdpro's ghost.
Asdpro's ghost is severely damaged.
Asdpro's ghost hits you.
You die...

#..........#
#..........#
#..........#
#..........#
##........##
##.......##
####..#######
#####....##
#....@####
#.....W(([..#
#############


You could see asdpro's ghost.

Vanquished Creatures
  2 dart slugs
  A worm (D:3)
  3 orcs (D:2)
  3 bats
  6 giant cockroaches
  4 goblins
  6 hobgoblins
  7 jackals (D:2)
  2 kobolds
  4 ball pythons
  4 frilled lizards
  2 rats (D:1)
44 creatures vanquished.

Notes
Turn   | Place    | Note
-------+----------+-------------------------------------------
     0 | D:1      | Oravi the Halfling Hunter began the quest for the Orb.
     0 | D:1      | Reached XP level 1. HP: 14/14 MP: 1/1
    96 | D:1      | Reached skill level 6 in Slings
   160 | D:1      | Reached XP level 2. HP: 7/19 MP: 2/2
   863 | D:1      | Reached XP level 3. HP: 25/25 MP: 3/3
   905 | D:1      | Reached skill level 1 in Armour
  1357 | D:2      | Reached skill level 1 in Short Blades
  1466 | D:2      | Found a sparkling altar of Nemelex Xobeh.
  2164 | D:2      | Reached XP level 4. HP: 7/30 MP: 4/4
  2597 | D:3      | Noticed asdpro's ghost (amateur MiFi)
  2617 | D:3      | Slain by asdpro's ghost

Skill      XL: |  1  2  3  4 |
---------------+-------------+-----
Slings         | 6 |  6.0
Fighting       | 2 |  2.6
Armour         | 1 |  1.7
Short Blades   | 1 2 |  2.2
Dodging        | |  2.1
Stealth        | |  1.1

Action                   |  1- 3 |  4- 6 || total
-------------------------+-------+-------++-------
Melee: Short sword       |    70 |    37 ||   107
 Fire: Hunting sling     |    58 |    17 ||    75
  Use: Scroll            |    11 |       ||    11
       Potion            |       |     2 ||     2
  Eat: Chunk             |     4 |     1 ||     5
Armor: Leather armour    |     1 |       ||     1
       Ring mail         |    45 |    10 ||    55
       Scale mail        |       |     4 ||     4
Dodge: Dodged            |    81 |    41 ||   122
